 Dungeon Crawl Stone Soup version 0.30-a0-1016-gfb0d676c02 (webtiles) character file.

Game seed: 12799958937268871405

113 cheesebisquit the Conjurer (level 4, 0/24 HPs)
             Began as a Gargoyle Conjurer on Apr 6, 2023.
             Slain by a hound (4 damage)
             ... on level 3 of the Dungeon.
             The game lasted 00:04:01 (1987 turns).

cheesebisquit the Conjurer (Gargoyle Conjurer)      Turns: 1987, Time: 00:04:01

Health: 0/24       AC:  5    Str: 11    XL:     4   Next: 96%
Magic:  0/8        EV: 11    Int: 20    God:
Gold:   106        SH:  0    Dex:  8    Spells: 8/9 levels left

rFire   . . .      SeeInvis .    k - +0 flail
rCold   . . .      Faith    .    (no shield)
rNeg    + . .      Spirit   .    a - +0 robe
rPois   ∞          Reflect  .    (no helmet)
rElec   +          Rampage  .    (no cloak)
rCorr   .                        (no gloves)
Will    .....                    (no boots)
Stlth   ++                       (no amulet)
HPRegen 0.24/turn                (no ring)
MPRegen 0.11/turn                (no ring)

@: no status effects
A: sickness immunity, AC +3, negative energy resistance 1, electricity
resistance, torment resistance 1, petrification resistance
a: no special abilities


You were on level 3 of the Dungeon.
You visited 1 branch of the dungeon, and saw 3 of its levels.

You collected 106 gold pieces.

Inventory:

Hand Weapons
 k - a +0 flail (weapon)
Armour
 a - a +0 robe (worn)
Scrolls
 c - 7 scrolls of identify {unknown}
 d - 2 scrolls of immolation {unknown}
 e - a scroll of noise {unknown}
 h - a scroll of fog {unknown}
 j - a scroll of magic mapping {unknown}
 l - a scroll of brand weapon {unknown}
 m - 3 scrolls of teleportation {unknown}
Potions
 b - a potion of magic
 f - a potion of lignification {unknown}
 g - a potion of brilliance {unknown}
 i - a potion of curing {unknown}


   Skills:
 - Level 1.5 Dodging
 - Level 2.1 Stealth
 + Level 3.0 Spellcasting
 * Level 6.0 Conjurations


You had 8 spell levels left.
You knew the following spells:

 Your Spells              Type           Power      Damage    Failure   Level
a - Magic Dart            Conj           100%       1d8       1%          1

Your spell library contained the following spells:

 Spells                   Type           Power      Damage    Failure   Level
 Searing Ray              Conj           54%        2d6       1%          2
 Dazzling Flash           Conj/Hex       30%        N/A       12%         3
 Fulminant Prism          Conj/Hex       7%         3d7       38%         4
 Iskenderun's Mystic Bla  Conj/Tloc      15%        2d5       38%         4


Dungeon Overview and Level Annotations

Branches:
Dungeon (3/15)

Altars:


Innate Abilities, Weirdness & Mutations

You are immune to sickness and miasma.
Your stone body is resilient. (AC +3)
You are immune to poison.
You resist negative energy. (rN+)
You are resistant to electric shocks. (rElec)
You are resistant to unholy torment.
You are immune to petrification.


Message History

You are out of magic!
You hit the hound but do no damage. The hound bites you.
The hound bites you but does no damage.
You hit the hound.
The hound is moderately wounded.
The hound bites you but does no damage. x2
You hit the hound.
The hound is heavily wounded.
The hound bites you but does no damage. The hound bites you.
You closely miss the hound.
The hound is heavily wounded.
The hound bites you. The hound barely misses you.
You barely miss the hound.
The hound is heavily wounded.
The hound bites you but does no damage. The hound barely misses you.
The hound bites you.
You closely miss the hound.
The hound is heavily wounded.
The hound bites you. The hound bites you but does no damage.
You are too injured to fight recklessly!
Aiming: Magic Dart (safe; 1% risk of failure)
Press: ? - help, Q - select action Shift-Dir - straight line, f - hound
Aim: a hound (heavily wounded, 100% to hit)
The magic dart hits the hound.
The hound is almost dead.
The hound bites you but does no damage.
You hit the hound but do no damage.
The hound is almost dead.
The hound bites you.
* * * LOW HITPOINT WARNING * * *
The hound barely misses you.
You closely miss the hound.
The hound is almost dead.
The hound bites you.
* * * LOW HITPOINT WARNING * * *
The hound barely misses you.
You barely miss the hound.
The hound is almost dead.
The hound bites you.
You die...

....# ##.
....# ).
...)...
#.#.#. #[#..
#.#.# #.#†#
#.h.#
###@###
#...#######
###...)...#
#.......#
#.......#
#......)#
#.).....####
#.....[....#
#..........#


You could see a hound.

Vanquished Creatures
  5 adders (D:2)
  An ufetubus (D:3)
  2 worms (D:2)
  6 dart slugs
  4 endoplasms (D:2)
  2 giant cockroaches
  2 hobgoblins
  4 kobolds (D:1)
  2 quokkas
  3 ball pythons
  6 bats
  2 frilled lizards
  6 goblins
  2 rats
47 creatures vanquished.

Vanquished Creatures (others)
  A plant (D:2)
1 creature vanquished.

Grand Total: 48 creatures vanquished

Notes
Turn   | Place    | Note
-------+----------+-------------------------------------------
     0 | D:1      | cheesebisquit the Gargoyle Conjurer began the quest for the
                  | Orb.
     0 | D:1      | Reached XP level 1. HP: 10/10 MP: 3/3
   209 | D:1      | Reached XP level 2. HP: 15/15 MP: 3/5
   269 | D:1      | Found a faded altar of an unknown god.
   658 | D:2      | Reached skill level 5 in Conjurations
   658 | D:2      | Reached XP level 3. HP: 19/19 MP: 1/6
  1153 | D:2      | Reached XP level 4. HP: 24/24 MP: 2/8
  1924 | D:3      | Reached skill level 6 in Conjurations
  1987 | D:3      | Slain by a hound

Illustrated notes

Levels and vault maps discovered:
D:1:      mrwooster_arrival_statue_2, layout_rooms, basic_ecumenical_altar,
          minmay_domino_4
D:2:      layout_basic, serial_bayou_pond_c, minmay_circle_x
D:3:      layout_basic

Skill      XL: |  1  2  3  4 |
---------------+-------------+-----
Conjurations   | 5 6 |  6.0
Spellcasting   | 3 |  3.0
Dodging        | |  1.5
Stealth        | |  2.1

Action                     |  1- 3 |  4- 6 || total
---------------------------+-------+-------++-------
  Melee: Flail             |     7 |     9 ||    16
   Cast: Magic Dart        |    67 |    39 ||   106
 Armour: Robe              |     5 |     9 ||    14
  Dodge: Dodged            |    10 |    14 ||    24

Table legend: (Time is in decaauts)
 A = Elapsed time spent in this place.
 B = Non-inter-level travel time spent in this place.
 C = Inter-level travel time spent in this place.
 D = Time resting spent in this place.
 E = Time spent auto-exploring this place.
 F = Levels seen in this place.
 G = Mean time per level.
                   A        B        C        D        E       F      G
               +--------+--------+--------+--------+--------+-----+--------+
         Total |   2000 |   1962 |     38 |     50 |   1641 |   3 |  666.7 |
       Dungeon |   2000 |   1962 |     38 |     50 |   1641 |   3 |  666.7 |
               +--------+--------+--------+--------+--------+-----+--------+

Top non-repeatable levels by time:
     D:2: 1176 daAuts
     D:1: 678 daAuts
     D:3: 146 daAuts
